Map: Orbital Shipyard

Players

LindyHop - Winner!

  • Race: Zerg Zerg
  • League: Platinum

CriscoDisco

  • Race: Terran Terran
  • League: Gold

VOD

Have the link to the VOD?

Description

Time

  • Played on: Jan. 4, 2016, 4:33 p.m.
  • Length: 17:17
Show
View Real Time Build Order
Export as new Build Order

LindyHop Zerg - Winner!

Build Orders: Hatch First, Muta Ling Bane 

Get SALT Encoding   

  12  0:01  Drone  
  13  0:08  Drone  
  14  0:17  Overlord  
  14  0:24  Drone, Extractor  
  15  0:35  Drone x2  
  17  0:54  Hatchery  
  17  0:57  Drone  
  17  1:02  Drone  
  17  1:04  Extractor  
  17  1:05  Drone  
  18  1:22  Spawning Pool  
  17  1:29  Drone x2  
  19  1:40  Overlord  
  19  1:56  Drone  
  20  2:08  Queen  
  20  2:10  Metabolic Boost, Queen  
  20  2:13  Zergling x2  
  25  2:17  Zergling x2  
  25  2:20  Drone  
  27  2:24  Zergling x2  
  27  2:26  Drone  
  29  2:32  Overlord  
  29  2:55  Drone x5  
  34  3:01  Roach Warren  
  34  3:03  Pneumatized Carapace  
  33  3:24  Zergling x4  
  35  3:32  Zergling x6  
  35  3:33  Overlord x2  
  37  3:35  Zergling x6  
  37  3:39  Zergling x2  
  36  4:02  Drone  
  37  4:03  Drone x3  
  40  4:15  Lair  
  40  4:18  Drone x5, Extractor  
  40  4:23  Extractor  
  43  4:25  Drone x2  
  45  4:42  Roach Warren  
  37  4:53  Zergling x2  
  37  4:54  Zergling x14  
  39  5:00  Zergling x2  
  39  5:06  Zergling x2  
  37  5:09  Drone  
  38  5:18  Baneling Nest  
  38  5:36  Drone x5  
  38  5:39  Evolution Chamber  
  38  5:41  Spine Crawler  
  38  5:42  Spine Crawler  
  40  5:45  Spine Crawler  
  40  5:46  Drone x4  
  43  5:51  Drone  
  44  6:01  Drone x2, Queen  
  48  6:12  Zergling x4  
  50  6:52  Drone  
  50  6:53  Drone x5  
  55  6:59  Drone  
  48  7:09  Drone x2  
  48  7:15  Hatchery  
  46  7:17  Drone x2  
  48  7:29  Hatchery  
  47  7:32  Spire, Zergling x4  
  47  7:34  Zerg Ground Armor Level 1  
  48  7:38  Extractor  
  47  7:51  Zergling x14  
  54  7:59  Baneling  
  54  8:00  Baneling x3  
  54  8:09  Centrifical Hooks  
  54  8:31  Spore Crawler  
  53  8:34  Spore Crawler  
  53  8:39  Drone x12  
  64  8:45  Zergling x4  
  64  8:46  Zergling x2  
  64  8:48  Zergling x2  
  68  8:50  Mutalisk x2  
  68  8:52  Zerg Flyer Weapons Level 1  
  72  8:56  Extractor  
  72  8:59  Overlord x2  
  72  9:00  Overlord, Extractor  
  70  9:07  Glial Reconstitution  
  70  9:12  Roach x2  
  70  9:13  Evolution Chamber  
  68  9:18  Overseer  
  68  9:37  Mutalisk  
  70  9:46  Mutalisk  
  70  9:52  Zergling x22  
  83  10:04  Mutalisk x3  
  89  10:09  Drone x2  
  89  10:13  Hatchery  
  90  10:19  Drone x3  
  93  10:28  Mutalisk  
  93  10:30  Overlord x3  
  93  10:31  Overlord  
  95  10:40  Mutalisk x3  
  95  10:45  Overlord  
  95  10:53  Hydralisk Den  
  94  11:01  Drone x5  
  98  11:25  Baneling x6  
  98  11:26  Mutalisk, Baneling  
  98  11:27  Mutalisk x3  
  106  11:39  Zergling x2  
  107  11:40  Zergling x18  
  107  11:46  Drone x2  
  117  12:08  Extractor  
  115  12:09  Extractor  
  115  12:14  Mutalisk x3  
  115  12:15  Mutalisk x3  
  126  12:20  Hydralisk  
  126  12:21  Hydralisk x2  
  132  12:28  Drone x9  
  140  12:35  Overlord x2  
  140  12:46  Zerg Ground Armor Level 2  
  140  12:49  Zerg Melee Weapons Level 1  
  137  13:15  Zergling x12  
  137  13:16  Zergling x10  
  137  13:17  Queen  
  141  13:32  Hydralisk x5  
  141  13:33  Hydralisk x3  
  96  13:41  Hydralisk  
  96  13:42  Roach  
  96  13:43  Roach x3  
  96  13:47  Drone x3  
  109  13:52  Zergling x2  
  109  13:53  Zergling x6  
  109  13:54  Zergling x2  
  109  13:55  Zergling x2  
  115  13:57  Roach  
  117  14:03  Hydralisk x2  
  117  14:08  Overseer  
  121  14:13  Hydralisk x3  
  127  14:20  Hydralisk  
  127  14:21  Hydralisk x2  
  132  14:39  Hydralisk  
  132  14:40  Hydralisk x6  
  132  14:43  Hydralisk  
  147  14:51  Zergling x2  
  147  14:52  Zergling x12  
  155  15:00  Zergling x6  
  155  15:03  Overlord x2  
  155  15:04  Overlord  
  148  15:15  Mutalisk x4  
  148  15:19  Hydralisk  
  155  15:24  Zergling x2  
  155  15:25  Zergling x8  
  155  15:28  Mutalisk  
  160  15:31  Extractor  
  156  15:40  Zergling x10  
  161  15:49  Mutalisk x4  
  169  15:57  Mutalisk  
  169  15:58  Mutalisk  
  170  16:05  Zergling x8  
  172  16:11  Overseer  
  172  16:15  Zergling x6  
  172  16:16  Zergling x2  
  169  16:19  Baneling  
  169  16:20  Baneling x3  
  169  16:22  Baneling x2  
  169  16:24  Baneling  
  170  16:25  Zergling x2  
  170  16:28  Zergling x2  
  170  16:32  Zergling x2  
  172  16:33  Zergling x2  
  172  16:34  Zergling x2  
  174  16:51  Mutalisk  
  174  16:52  Mutalisk x3  
Show
View Real Time Build Order
Export as new Build Order

CriscoDisco Terran 

Build Orders:  

Get SALT Encoding   

  12  0:01  SCV  
  13  0:13  SCV  
  14  0:26  SCV  
  14  0:27  Supply Depot  
  15  0:50  Barracks  
  15  0:51  Supply Depot  
  15  0:54  SCV  
  15  0:55  Refinery  
  16  1:09  Barracks  
  16  1:14  SCV  
  17  1:26  SCV  
  18  1:35  Barracks  
  18  1:38  SCV  
  19  1:41  Reaper  
  19  1:45  Refinery  
  20  1:50  SCV  
  21  1:58  Reaper  
  22  2:17  Reaper  
  23  2:24  SCV  
  23  2:26  Reaper  
  25  2:35  Reaper  
  25  2:36  SCV  
  27  2:53  Reaper  
  29  3:05  Reaper  
  29  3:07  Command Center, Reaper  
  29  3:25  Reaper  
  26  4:02  Barracks Tech Lab  
  26  4:03  Barracks Reactor  
  26  4:07  SCV  
  27  4:12  Factory  
  27  4:15  Command Center  
  27  4:18  Marine  
  28  4:25  SCV  
  28  4:27  SCV  
  30  4:35  Supply Depot  
  30  4:36  Marine  
  30  4:37  SCV, Supply Depot  
  32  4:40  SCV  
  33  4:52  SCV  
  34  4:53  Marine  
  35  5:00  Marine x3  
  35  5:04  SCV  
  37  5:14  SCV  
  37  5:16  SCV, Factory Tech Lab  
  37  5:18  Marauder  
  37  5:19  Starport  
  40  5:26  Orbital Command  
  40  5:33  Orbital Command  
  40  5:35  Widow Mine  
  40  5:40  Marauder  
  44  5:43  Stimpack  
  44  5:58  Medivac  
  46  6:05  Supply Depot  
  46  6:25  Marine  
  46  6:26  Marine x2  
  46  6:27  Marauder  
  46  6:29  Widow Mine  
  46  6:31  Supply Depot  
  53  6:34  Starport Reactor  
  53  6:35  SCV  
  54  6:43  Marine  
  55  6:47  SCV  
  55  6:48  Marauder  
  53  6:57  Widow Mine  
  51  7:02  Liberator  
  47  7:08  Marine x2  
  47  7:09  Marauder, Marine  
  55  7:23  SCV  
  55  7:26  Marine x3  
  59  7:30  Marine  
  59  7:35  SCV  
  61  7:42  SCV  
  62  7:45  Liberator  
  62  7:47  SCV  
  62  7:48  Armory  
  63  7:54  SCV  
  64  7:59  SCV  
  68  8:06  SCV  
  68  8:11  Siege Tank  
  68  8:12  SCV  
  73  8:18  SCV  
  73  8:19  Barracks  
  74  8:24  SCV  
  75  8:27  Marine x3  
  75  8:28  Marine  
  75  8:30  SCV  
  75  8:34  Refinery  
  80  8:36  SCV x2  
  80  8:37  Refinery  
  80  8:39  Refinery  
  82  8:41  Refinery  
  82  8:43  Siege Tank  
  82  8:45  Marine x2  
  82  8:48  SCV x2  
  89  9:00  SCV x2  
  91  9:12  SCV x2  
  93  9:29  Starport Reactor  
  93  9:34  Supply Depot  
  93  9:35  Barracks Reactor  
  93  9:36  Supply Depot  
  93  9:56  SCV x3, Liberator x2, Marine x4  
  100  10:08  SCV  
  100  10:12  Marine x2  
  109  10:17  Supply Depot  
  109  10:20  Supply Depot  
  109  10:26  Fusion Core  
  109  10:28  Command Center  
  109  10:32  Supply Depot  
  109  10:34  SCV, Marine x5  
  109  10:46  SCV  
  109  10:48  Widow Mine  
  112  10:52  Marine x3  
  112  10:56  Medivac x2  
  119  10:57  Marine x3  
  119  10:58  SCV  
  123  11:06  SCV  
  123  11:09  Marine  
  123  11:10  Marauder  
  127  11:17  Widow Mine  
  129  11:23  Liberator x2  
  129  11:39  Engineering Bay  
  129  11:42  Engineering Bay, Marine x2  
  129  11:43  Marine x4  
  129  11:45  Widow Mine  
  129  11:46  Orbital Command  
  143  12:14  Widow Mine  
  145  12:19  Liberator  
  145  12:24  Medivac  
  147  12:32  Supply Depot  
  147  12:33  Supply Depot  
  150  12:42  Widow Mine  
  150  13:11  Siege Tank  
  103  13:36  Marine x2  
  103  13:37  Marine x4  
  109  13:43  Siege Tank  
  112  13:54  Marine x4  
  112  13:55  Marine x2  
  118  14:12  Marine x6  
  124  14:30  Marine x6  
  130  14:47  Marine  
  130  14:48  Marine x5  
  136  14:53  Orbital Command  
  133  15:05  Marine x2  
  133  15:06  Marine x4  
  106  15:23  Marine x4  
  106  15:24  Marine x2  
  106  15:26  Siege Tank  
  112  15:41  Marine x5  
  112  15:42  Marine  
  118  15:58  Siege Tank  
  118  16:00  Marine x6  
  127  16:17  Marine  
  128  16:21  Marine x4  
  132  16:31  Siege Tank  
  133  16:38  Orbital Command  
Tags
 
Add a new tag
Caveats
  • Supply blocks, unpowered buildings, or Contaminate may cause inaccurate times.
  • Supply counts are checked every 10 seconds.